 Dungeon Crawl Stone Soup version 0.29-a0-993-g4a18f31a58 (webtiles) character file.

Game seed: 15558986628217916821

249 gelatine the Firebug (level 5, -2/36 HPs)
             Began as a Demonspawn Fire Elementalist on Aug 2, 2022.
             Slain by JakeJacob's ghost (7 damage)
             ... on level 3 of the Dungeon.
             The game lasted 00:09:17 (4636 turns).

gelatine the Firebug (Demonspawn Fire Elementalist) Turns: 4636, Time: 00:09:17

Health: -2/36      AC:  3    Str:  8      XL:     5   Next: 86%
Magic:  2/10       EV: 12    Int: 19      God:
Gold:   146        SH:  0    Dex:  8 (13) Spells: 7/10 levels left

rFire   . . .      SeeInvis .   e - +0 short sword
rCold   . . .      Faith    .   (no shield)
rNeg    . . .      Spirit   .   a - +0 robe
rPois   .          Reflect  .   (no helmet)
rElec   .          Harm     .   (no cloak)
rCorr   .          Rampage  .   l - +0 pair of gloves
Will    .....                   (no boots)
Stlth   ++........              (no amulet)
HPRegen 0.12/turn               (no ring)
MPRegen 0.12/turn               (no ring)

@: lethally poisoned (-2 -> -13)
A: hooves 1, foul stench 2
a: no special abilities


You were on level 3 of the Dungeon.
You visited 1 branch of the dungeon, and saw 3 of its levels.

You collected 146 gold pieces.

Inventory:

Hand Weapons
 e - a +0 short sword (weapon)
Armour
 a - a +0 robe (worn)
 l - a +0 pair of gloves (worn)
Wands
 q - a wand of iceblast (5)
Scrolls
 c - 2 scrolls of teleportation {unknown}
 f - 5 scrolls of enchant armour {unknown}
 g - 2 scrolls of fog {unknown}
 h - a scroll of noise {unknown}
 i - 4 scrolls of identify {unknown}
 j - 2 scrolls of magic mapping {unknown}
 k - a scroll of brand weapon {unknown}
 n - a scroll of vulnerability {unknown}
 p - a scroll of fear {unknown}
 r - a scroll of silence {unknown}
Potions
 b - a potion of attraction {unknown}
 d - 3 potions of degeneration
 m - a potion of berserk rage {unknown}
 o - 2 potions of curing {unknown}


   Skills:
 + Level 0.6 Fighting
 + Level 0.3 Short Blades
 + Level 2.3 Dodging
 + Level 2.0 Stealth
 + Level 3.3 Spellcasting
 + Level 3.0 Conjurations
 + Level 4.0 Fire Magic


You had 7 spell levels left.
You knew the following spells:

 Your Spells              Type           Power      Damage    Failure   Level
a - Foxfire               Conj/Fire      64%        2x1d7     3%          1
b - Scorch                Fire           36%        2d6       4%          2

Your spell library contained the following spells:

 Spells                   Type           Power      Damage    Failure   Level
 Conjure Flame            Conj/Fire      16%        6-21      11%         3
 Inner Flame              Hex/Fire       10%        N/A       19%         3
 Stone Arrow              Conj/Erth      16%        3d8       24%         3
 Flame Wave               Conj/Fire      16%        2d7       34%         4
 Gell's Gravitas          Tloc           3%         N/A       41%         3
 Teleport Other           Tloc           3%         N/A       41%         3
 Animate Armour           Summ/Erth      6%         N/A       82%         4
 Dispersal                Tloc           1%         N/A       100%        6
 Lehudib's Crystal Spear  Conj/Erth      4%         10d3      100%        8


Dungeon Overview and Level Annotations

Branches:
Dungeon (3/15)

Altars:

Annotations:
D:3 1 transporter, JakeJacob's ghost, weakling DjFE


Innate Abilities, Weirdness & Mutations

You have large cloven feet.
You sometimes emit foul miasma when damaged in melee.


Message History

The quasit bites you but does no damage.
The quasit claws you but does no damage.
The quasit closely misses you. The quasit bites you.
You feel clumsy. The quasit claws you.
The quasit claws you but does no damage.
JakeJacob's ghost hits you.
You are lethally poisoned!
The quasit completely misses you.
The quasit claws you but does no damage. x2
The quasit closely misses you.
The quasit claws you but does no damage.
The quasit claws you.
Casting: Scorch (safe; 4% risk of failure)
Confirm with . or Enter, or press ? or * to list all spells.
Flames lash the quasit.
The quasit resists.
The quasit is lightly wounded.
The quasit's fire resistance burns away.
* * * LOW HITPOINT WARNING * * *
You feel very sick.
The quasit bites you but does no damage.
The quasit barely misses you. x2
The quasit bites you but does no damage.
The quasit closely misses you. The quasit barely misses you.
The quasit bites you.
* * * LOW HITPOINT WARNING * * *
The quasit claws you.
* * * LOW HITPOINT WARNING * * *
You feel clumsy.
You emit a cloud of foul miasma!
The quasit barely misses you. The quasit completely misses you.
The quasit claws you but does no damage.
The quasit closely misses you.
The quasit bites you but does no damage.
The quasit claws you but does no damage.
The quasit claws you.
* * * LOW HITPOINT WARNING * * *
You feel clumsy.
You emit a cloud of foul miasma!
JakeJacob's ghost hits you!
You die...

#.# #.# #.##.# #..# # #.#
#.####.##.### #..## # #.#
#...........###...####### ##.###
##..###©####..............
.....###..##5### .#####...#######
##.......##..... #.5..#..## #
###.###.#....#. .#...##.# #
#.###.#..##.W#......#.# #
####.##..#...#.5@5.##.©#.# #
.)...##.##.#...55#.....#.# #
#######.#....###=..##.##.# #
#.##..#..??.....#..# # #..###.
#####..##..########
########...####.©.####...........
.........#.............##########
###############..#####.# #
#........# #


You could see 4 quasits and JakeJacob's ghost.

Vanquished Creatures
  A phantom (D:3)
  Ijyb (D:3)
  An iguana (D:3)
  3 adders
  2 worms
  4 dart slugs
  An orc (D:3)
  7 endoplasms
  3 giant cockroaches (D:2)
  7 goblins
  4 hobgoblins
  10 jackals
  4 quokkas
  6 ball pythons
  5 bats
  4 frilled lizards
  10 kobolds
  6 rats
79 creatures vanquished.

Vanquished Creatures (others)
  303 foxfires
303 creatures vanquished.

Grand Total: 382 creatures vanquished

Notes
Turn   | Place    | Note
-------+----------+-------------------------------------------
     0 | D:1      | gelatine the Demonspawn Fire Elementalist began the quest
                  | for the Orb.
     0 | D:1      | Reached XP level 1. HP: 13/13 MP: 3/3
   259 | D:1      | Gained mutation: You may rarely emit foul miasma when
                  | damaged in melee. [demonic ancestry]
   259 | D:1      | Reached XP level 2. HP: 19/19 MP: 0/5
   325 | D:1      | Reached skill level 3 in Fire Magic
   974 | D:1      | Reached XP level 3. HP: 24/24 MP: 1/6
  1468 | D:2      | Found a faded altar of an unknown god.
  1591 | D:2      | Learned a level 2 spell: Scorch
  1929 | D:2      | Identified the +2 leather armour of Weirdness {Str+4}
  2251 | D:2      | Gained mutation: You sometimes emit foul miasma when
                  | damaged in melee. [demonic ancestry]
  2251 | D:2      | Reached XP level 4. HP: 28/30 MP: 3/7
  3497 | D:3      | Gained mutation: You have large cloven feet. [demonic
                  | ancestry]
  3497 | D:3      | Reached XP level 5. HP: 33/36 MP: 5/9
  3640 | D:3      | Noticed a phantom
  3657 | D:3      | Killed a phantom
  3939 | D:3      | Found a transporter.
  3973 | D:3      | Found a transporter.
  3973 | D:3      | Noticed JakeJacob's ghost (weakling DjFE)
  4220 | D:3      | Noticed Ijyb
  4228 | D:3      | Killed Ijyb
  4229 | D:3      | Reached skill level 4 in Fire Magic
  4636 | D:3      | Slain by JakeJacob's ghost

Illustrated notes

Levels and vault maps discovered:
D:1:      dpeg_arrival_castle, layout_rooms
D:2:      layout_loops_cross, chequers_ecumenical_altar_simple
D:3:      layout_loops_ring, gammafunk_ghost_stat_death, wad_rectangle_vault,
          uniq_ijyb

Skill      XL: |  1  2  3  4  5 |
---------------+----------------+-----
Dodging        | 2 |  2.3
Fire Magic     | 3 4 |  4.0
Conjurations   | 2 3 |  3.0
Spellcasting   | 3 |  3.3
Stealth        | 2 |  2.0
Fighting       | |  0.6
Short Blades   | |  0.3

Action                   |  1- 3 |  4- 6 || total
-------------------------+-------+-------++-------
Melee: Short sword       |    12 |    31 ||    43
       Unarmed           |     1 |       ||     1
       Punch             |     1 |     1 ||     2
       Kick              |       |     5 ||     5
 Cast: Foxfire           |   117 |    82 ||   199
       Scorch            |       |    12 ||    12
  Use: Potion            |       |     2 ||     2
Armor: Robe              |     5 |    40 ||    45
Dodge: Dodged            |    18 |    63 ||    81

Table legend: (Time is in decaauts)
 A = Elapsed time spent in this place.
 B = Non-inter-level travel time spent in this place.
 C = Inter-level travel time spent in this place.
 D = Time resting spent in this place.
 E = Time spent auto-exploring this place.
 F = Levels seen in this place.
 G = Mean time per level.
                   A        B        C        D        E       F      G
               +--------+--------+--------+--------+--------+-----+--------+
         Total |   4645 |   4479 |    166 |    260 |   3654 |   3 | 1548.3 |
       Dungeon |   4645 |   4479 |    166 |    260 |   3654 |   3 | 1548.3 |
               +--------+--------+--------+--------+--------+-----+--------+

Top non-repeatable levels by time:
     D:3: 1897 daAuts
     D:1: 1410 daAuts
     D:2: 1337 daAuts
